 Dungeon Crawl Stone Soup version 0.32-a0-686-gc880bc2 (webtiles) character file.

Game seed: 15350626067423137908

231 Toastz the Changeling (level 6, 0/61 HPs)
             Began as an Octopode Shapeshifter on Mar 12, 2024.
             Was an Initiate of Fedhas.
             Slain by an orc priest
             ... wielding a +0 flail
              (5 damage)
             ... on level 3 of the Dungeon.
             The game lasted 00:04:31 (2172 turns).

Toastz the Changeling (Octopode Shapeshifter)       Turns: 2172, Time: 00:04:31

Health: 0/61       AC: 23    Str: 15    XL:     6   Next: 4%
Magic:  6/6        EV:  2    Int: 12    God:    Fedhas [......]
Gold:   89         SH:  0    Dex: 12    Spells: 5/5 levels left

rFire   . .          .
                       - Unarmed
rCold   . . .        (no shield)
rNeg    . . .        (helmet currently unavailable)
rPois   +            (no amulet)
rElec   .            j - ring of see invisible
rCorr   .            (no ring)
SInv    +            (no ring)
Will    .....        (no ring)
Stlth   +            (no ring)
HPRegen 0.30/turn    (no ring)
MPRegen 0.10/turn    (no ring)
                     (no ring)

%: no passive effects
@: tree-form, studying Polearms
A: stationary, stasis, torment immunity, boosted hp, almost no armour,
(amphibious), 8 rings, (camouflage 1), (gelatinous body 1), (nimble swimmer 1),
(tentacles)
a: Renounce Religion


You were on level 3 of the Dungeon.
You worshipped Fedhas.
Fedhas was noncommittal.
You were a tree.
You visited 1 branch of the dungeon, and saw 3 of its levels.

You collected 89 gold pieces.

Inventory:

Missiles
 n - 9 stones (quivered)
Jewellery
 j - a ring of see invisible (left branch)
Talismans
 b - a beast talisman (active)
 c - a flux talisman
 i - a serpent talisman
Wands
 l - a wand of polymorph (11)
Scrolls
 d - a scroll of poison {unknown}
 e - a scroll of teleportation {unknown}
 g - a scroll of revelation {unknown}
 m - a scroll of acquirement {unknown}
 o - a scroll of enchant weapon {unknown}
Potions
 f - a potion of curing {unknown}
 h - a potion of might {unknown}
 k - a potion of attraction {unknown}


   Skills:
 + Level 2.6 Fighting
 + Level 3.2 Dodging
 + Level 3.9 Unarmed Combat
 * Level 4.4 Shapeshifting


You had 5 spell levels left.
You didn't know any spells.
Your spell library contained the following spells:

 Spells                   Type           Power      Damage    Failure   Level
 Ignite Poison            Fire/Alch      0%         N/A       97%         4
 Sticky Flame             Fire/Alch      0%         2d4       97%         4
 Ignition                 Fire           0%         3d3       100%        8


Dungeon Overview and Level Annotations

Branches:
Dungeon (3/15)

Altars:
Fedhas

Shops:
D:1 (

Annotations:
D:2 1 runed translucent door, Crazy Yiuf


Innate Abilities, Weirdness & Mutations

You are a tree.
Your roots penetrate the ground, keeping you stationary.
You cannot be teleported.
You are immune to unholy pain and torment.
Your maximum health is greatly increased.
You cannot wear most types of armour.
((You are amphibious.))
You can wear up to eight rings at the same time.
((Your skin changes colour to match your surroundings (Stealth+).))
((Your rubbery body absorbs attacks. (AC +1, EV +1)))
((You are camouflaged when in or above water. (Stealth+)))
((You have tentacles for arms and can constrict up to eight enemies at once.))


Message History

Your transformation has ended.
You turn into a tree.
Your roots penetrate the ground.
The hound bites you but does no damage. x2
You miss the hound. The hound bites you but does no damage.
You smack the hound!
The hound is heavily wounded.
The hound barely misses you.
The orc priest casts a cantrip, but nothing happens.
The hound bites you.
You smack the hound!
You kill the hound!
Fedhas appreciates your contribution to the ecosystem.
You hit the quokka but do no damage. You punch the quokka.
The quokka is heavily wounded.
The quokka bites you.
The quokka bites you but does no damage.
You pummel the quokka!!
You kill the quokka!
Fedhas appreciates your contribution to the ecosystem.
You smack the orc wizard!
The orc wizard is heavily wounded.
You barely miss the orc wizard.
The orc wizard is heavily wounded.
The orc wizard hits you but does no damage.
You hit the orc wizard.
The orc wizard is almost dead.
The orc priest completely misses you.
The orc wizard hits you but does no damage.
You smack the orc wizard!
You kill the orc wizard!
Fedhas appreciates your contribution to the ecosystem.
The orc priest invokes the aid of Beogh against you.
Beogh smites you!
* * * LOW HITPOINT WARNING * * *
You have reached level 6!
You smack the orc priest!
The orc priest is severely wounded.
The orc priest hits you with a +0 flail.
You die...
Fedhas appreciates your contribution to the ecosystem.

#########.# #.#.......
#.........# #.#.......
#.........####.#........
#.....>...........h......
#.......#.####.#.........
#.......#.####.#.........
######.#.....#.#..h......
#.#####.#.#.........
#.#?...♣#.#.........
#.#....)o...........
#.#######.#.........
#.........###.#####.
##.##########... #.#
..### #.# ... ##.# ).#
#..##########.#


You could see an orc priest.

Vanquished Creatures
  A hound (D:3)
  An orc priest (D:3)
  Terence (D:2)
  2 orc wizards (D:3)
  Robin (D:2)
  2 adders (D:2)
  A shadow imp (D:3)
  A dart slug (D:1)
  5 ball pythons
  3 bats
  3 endoplasms
  11 goblins
  10 hobgoblins
  2 jackals (D:1)
  3 quokkas
  7 frilled lizards
  2 kobolds
  5 rats
  A spectral goblin (D:1)
62 creatures vanquished.

Notes
Turn   | Place    | Note
-------+----------+-------------------------------------------
     0 | D:1      | Toastz the Octopode Shapeshifter began the quest for the
                  | Orb.
     0 | D:1      | Reached XP level 1. HP: 13/13 MP: 1/1
    54 | D:1      | Reached XP level 2. HP: 18/18 MP: 2/2
   171 | D:1      | Found a faded altar of an unknown god.
   259 | D:1      | Found Datz's Weapon Shop.
   369 | D:1      | Reached XP level 3. HP: 18/23 MP: 3/3
   810 | D:2      | Noticed Robin
   819 | D:2      | Killed Robin
   881 | D:2      | Reached XP level 4. HP: 22/29 MP: 4/4
  1213 | D:2      | Noticed Terence
  1218 | D:2      | Killed Terence
  1395 | D:2      | Found a runed translucent door.
  1396 | D:2      | Noticed Crazy Yiuf
  1847 | D:3      | Reached skill level 4 in Shapeshifting
  1847 | D:3      | Reached XP level 5. HP: 26/34 MP: 5/5
  2000 | D:3      | Found a blossoming altar of Fedhas.
  2012 | D:3      | Became a worshipper of Fedhas Madash
  2172 | D:3      | Reached XP level 6. HP: 5/41 MP: 6/6
  2172 | D:3      | Slain by an orc priest

Illustrated notes

Levels and vault maps discovered:
D:1:      ebering_trefoil_twist, layout_basic, serial_shops,
          nicolae_shop_waterfront, dreamdust_ecumenical_altar_drowned_temple
D:2:      layout_loops_ring, minmay_misc_feat_x, uniq_robin, uniq_terence,
          uniq_crazy_yiuf_cottage
D:3:      layout_basic, fedhas_ov_isle_minmay, serial_shops,
          nicolae_shop_just_a_little_nook, nicolae_twisty_statue_hallways

Skill      XL: |  1  2  3  4  5 |
---------------+----------------+-----
Fighting       | 2 |  2.6
Shapeshifting  | 4 |  4.4
Dodging        | 3 |  3.2
Unarmed Combat | |  3.9

Action                     |  1- 3 |  4- 6 || total
---------------------------+-------+-------++-------
  Melee: Unarmed           |    75 |    43 ||   118
         Tentacles         |    17 |     9 ||    26
         Constrict         |    17 |     9 ||    26
         Punch             |       |     3 ||     3
  Throw: Stone             |       |     3 ||     3
    Use: Potion            |       |     1 ||     1
   Stab: Sleeping          |       |     8 ||     8
 Armour: Skin              |    26 |    24 ||    50
  Dodge: Dodged            |    39 |    15 ||    54

Table legend: (Time is in decaauts)
 A = Elapsed time spent in this place.
 B = Non-inter-level travel time spent in this place.
 C = Inter-level travel time spent in this place.
 D = Time resting spent in this place.
 E = Time spent auto-exploring this place.
 F = Levels seen in this place.
 G = Mean time per level.
                   A        B        C        D        E       F      G
               +--------+--------+--------+--------+--------+-----+--------+
         Total |   2166 |   2075 |     91 |    170 |   1419 |   3 |  722.0 |
       Dungeon |   2166 |   2075 |     91 |    170 |   1419 |   3 |  722.0 |
               +--------+--------+--------+--------+--------+-----+--------+

Top non-repeatable levels by time:
     D:2: 922 daAuts
     D:1: 742 daAuts
     D:3: 501 daAuts
